 Dungeon Sprint DCSS version 0.29-a0-1008-g949cc1d0fb (webtiles) character file.

Game seed: 6949201108905557590

3490 mhtbhm the Imperceptible (level 9, -22/46 HPs)
             Began as a Spriggan Brigand on Aug 7, 2022.
             Was an Elder of Dithmenos.
             Killed from afar by Harold (41 damage)
             ... with a poison arrow
             ... in the Dungeon (Sprint III: "The Ten Rune Challenge").
             The game lasted 00:03:43 (900 turns).

mhtbhm the Imperceptible (Spriggan Brigand)          Turns: 900, Time: 00:03:43

Health: -22/46     AC:  3    Str:  7    XL:     9   Next: 80%
Magic:  15/15      EV: 19    Int: 13    God:    Dithmenos [****..]
Gold:   41         SH:  0    Dex: 20    Spells: 8/8 levels left

rFire   . . .      SeeInvis +   a - +3 dagger
rCold   . . .      Faith    .   (no shield)
rNeg    . . .      Spirit   .   b - +0 robe
rPois   .          Reflect  .   (helmet restricted)
rElec   .          Harm     .   c - +0 cloak
rCorr   .          Rampage  .   (gloves unavailable)
Will    +....      NoTele   +   (boots unavailable) Stlth *****+++++
                                (no amulet)
HPRegen 0.15/turn               (no ring)
MPRegen 0.14/turn               (no ring)

@: lethally poisoned (-22 -> -48), slowed, wreathed by umbra, quick
A: very small, no large weapons, unfitting armour, see invisible, speed 3
a: Renounce Religion, Shadow Step


You were in the Dungeon.
You worshipped Dithmenos.
Dithmenos was greatly pleased with you.
You visited 1 branch You collected 41 gold pieces.

Inventory:

Hand Weapons
 a - a +3 dagger (weapon)
Missiles
 d - 7 poisoned darts (quivered)
Armour
 b - a +0 robe (worn)
 c - a +0 cloak (worn)
Wands
 g - a wand of flame (23)
 q - a wand of quicksilver (7)
Scrolls
 k - a scroll of blinking
 l - 2 scrolls of torment {unknown}
 m - 2 scrolls of identify
 o - a scroll of immolation {unknown}
Potions
 h - a potion of haste
 i - 2 potions of magic
 j - 2 potions of berserk rage
 n - 2 potions of flight
 p - 5 potions of mutation
 s - 2 potions of might
Miscellaneous
 r - a piece from Xom's chessboard (15/15)


   Skills:
 + Level 4.6 Fighting
 + Level 7.7 Short Blades
 + Level 8.9 Throwing
 + Level 4.4 Dodging
 + Level 25.5 Stealth
 * Level 7.5 Invocations
 + Level 4.4 Evocations


You had 8 spell levels left.
You didn't know any spells.
Your spell library contained the following spells:

 Spells                   Type           Power      Damage    Failure   Level
 Sublimation of Blood     Necr           0%         N/A       43%         2
 Petrify                  Tmut/Erth      0%         N/A       97%         4
 Fireball                 Conj/Fire      0%         3d3       100%        5
 Irradiate                Conj/Tmut      0%         3d11      100%        5
 Starburst                Conj/Fire      0%         6d3       100%        6
 Ignition                 Fire           0%         3d3       100%        8


Dungeon Overview and Level Annotations

Branches:
Dungeon (1/1)

Altars:
Cheibriados
Dithmenos
Elyvilon
Fedhas
Gozag
Hepliaklqana
Kikubaaqudgha
Makhleb
Nemelex Xobeh
Okawaru
Qazlal
Ru
Sif Muna
Trog
Uskayaw
Vehumet
Wu Jian
Xom
Yredelemnul
Zin
The Shining One
Jiyva
Lugonu

Annotations:
D Harold, Joseph


Innate Abilities, Weirdness & Mutations

You are very small and have problems with some larger weapons.
You are too small for most types of armour.
You have supernaturally acute eyesight. (SInv)
You cover ground extremely quickly. (Speed+++)


Message History

Press: ? - help, Shift-Dir - straight line, f/p - Joseph
Aim: Joseph, wielding a +0 quarterstaff of freezing and quivering curare-tipped darts (black smoke, lightly wounded, very poisoned, slow, umbra, 74% to hit)
The bolt of dispelling energy hits Joseph!!
Joseph is moderately wounded.
Joseph's magical effects unravel!
Harold is no longer moving slowly.
Joseph fails to trigger a net trap.
Unknown command.
Unknown command.
Harold drops a net on you.
You avoid being caught in a net.
There is an open door here.
Joseph throws a curare-tipped dart.
The curare-tipped dart hits you.
You are lethally poisoned!
You have difficulty breathing.
* * * LOW HITPOINT WARNING * * *
You feel as though you will be slow longer.
Unknown command.
You feel better.
Joseph throws a curare-tipped dart.
The curare-tipped dart closely misses you.
Unknown command.
Okay, then.
Okay, then.
Okay, then.
Throw: dart (curare)
Press: ? - help, Q - select action, (/) - cycle Shift-Dir - straight line, f - Harold
Aim: Harold, wielding a +0 dire flail of distortion (lightly wounded, poisoned, umbra, 74% to hit)
You throw a curare-tipped dart.
The curare-tipped dart barely misses Harold.
Harold looks more healthy.
Harold completely misses you. Harold gestures at you while chanting.
You resist with some effort.
Aiming: Quicksilver Bolt
Press: ? - help, Shift-Dir - straight line, f/p - Harold
Aim: Harold, wielding a +0 dire flail of distortion (lightly wounded, umbra, 81% to hit)
The bolt of dispelling energy misses Harold.
Harold casts a spell at you. You resist with some effort.
Harold gestures at you while chanting. The poison arrow hits you!!!
You are lethally poisoned!
Ouch! That really hurt!
You die...

___#__# __)#._# '###'##
......# ......# #####'#
__#...#+#####################
__#...#....#)#)#)..@.#......+
__#...##.#.)#.##@###(#.^.^..#
__#...'##.#.#.##.#).##.†....#
__'...#...#..#..##.)'@....^.#
▓▓▓▓▓▓▓▓▓▓▓▓▓▓▓▓▓▓▓▓#....^..#
♣~~~........~~~...#^...^..#
+♣≈≈≈≈≈≈≈≈≈≈≈≈♣♣P.§§§§^...#
♣♣♣♣♣♣♣♣♣♣♣♣♣♣♣PP#§§§.§.†#
♣♣♣##§###### #.@§+


You could see Harold.

Vanquished Creatures
  Erolcha (D)
  A deep elf pyromancer (D)
  3 wandering mushrooms (D)
  A shadow (D)
  2 redbacks (D)
  A spatial vortex (D)
  5 two-headed ogres (D)
  A necrophage (D)
  A scorpion (D)
  A water elemental (D)
  A jelly (D)
  Jessica (D)
  A wizard (D)
  A necromancer (D)
  3 humans (D)
  A kobold demonologist (D)
  2 endoplasms (D)
  A rat (D)
28 creatures vanquished.

Notes
Turn   | Place    | Note
-------+----------+-------------------------------------------
     0 | D        | mhtbhm the Spriggan Brigand began the quest for the Orb.
     0 | D        | Reached XP level 1. HP: 10/10 MP: 2/2
    18 | D        | Reached skill level 6 in Stealth
   185 | D        | Noticed Jessica
   188 | D        | Killed Jessica
   189 | D        | Reached skill level 9 in Stealth
   189 | D        | Reached XP level 2. HP: 13/15 MP: 3/3
   189 | D        | Reached XP level 3. HP: 16/18 MP: 4/4
   233 | D        | Noticed a scorpion
   243 | D        | Killed a scorpion
   244 | D        | Reached skill level 11 in Stealth
   244 | D        | Reached XP level 4. HP: 23/23 MP: 5/5
   310 | D        | Reached skill level 12 in Stealth
   388 | D        | Noticed a water elemental
   390 | D        | Killed a water elemental
   391 | D        | Reached skill level 13 in Stealth
   391 | D        | Reached XP level 5. HP: 28/28 MP: 6/6
   411 | D        | Found a shadowy altar of Dithmenos.
   412 | D        | Found a basalt altar of Yredelemnul.
   412 | D        | Found a sacrificial altar of Ru.
   414 | D        | Reached skill level 14 in Stealth
   415 | D        | Reached skill level 5 in Throwing
   415 | D        | Reached skill level 15 in Stealth
   418 | D        | Became a worshipper of Dithmenos the Shadowed
   427 | D        | Noticed a shadow
   429 | D        | Killed a shadow
   430 | D        | Reached skill level 5 in Short Blades
   430 | D        | Reached skill level 17 in Stealth
   430 | D        | Reached XP level 6. HP: 32/32 MP: 7/7
   463 | D        | Reached skill level 18 in Stealth
   613 | D        | Found a blossoming altar of Fedhas.
   613 | D        | Found a stormy altar of Qazlal.
   614 | D        | Found a snail-covered altar of Cheibriados.
   614 | D        | Found a burning altar of Makhleb.
   614 | D        | Found a hazy altar of Hepliaklqana.
   614 | D        | Found a shimmering altar of Xom.
   614 | D        | Found an opulent altar of Gozag.
   614 | D        | Found a sparkling altar of Nemelex Xobeh.
   614 | D        | Found a corrupted altar of Lugonu.
   614 | D        | Found a viscous altar of Jiyva.
   614 | D        | Noticed a spatial vortex
   617 | D        | Killed a spatial vortex
   617 | D        | Reached * piety under Dithmenos
   618 | D        | Reached XP level 7. HP: 37/37 MP: 8/8
   648 | D        | Found a radiant altar of Vehumet.
   649 | D        | Found a shimmering blue altar of Sif Muna.
   649 | D        | Found an ancient bone altar of Kikubaaqudgha.
   651 | D        | Reached skill level 19 in Stealth
   651 | D        | Reached skill level 1 in Evocations
   668 | D        | Found a glowing silver altar of Zin.
   669 | D        | Found a glowing golden altar of the Shining One.
   669 | D        | Found a white marble altar of Elyvilon.
   669 | D        | Noticed a deep elf pyromancer
   671 | D        | Killed a deep elf pyromancer
   671 | D        | Reached ** piety under Dithmenos
   672 | D        | Reached skill level 20 in Stealth
   672 | D        | Reached XP level 8. HP: 42/42 MP: 8/11
   702 | D        | Found a hide-covered altar of Uskayaw.
   702 | D        | Found an iron altar of Okawaru.
   703 | D        | Found a bloodstained altar of Trog.
   703 | D        | Found an ornate altar of the Wu Jian Council.
   706 | D        | Reached skill level 21 in Stealth
   737 | D        | Reached *** piety under Dithmenos
   738 | D        | Reached skill level 22 in Stealth
   745 | D        | Noticed a two-headed ogre
   748 | D        | Killed a two-headed ogre
   749 | D        | Reached skill level 5 in Invocations
   752 | D        | Noticed a two-headed ogre
   752 | D        | Noticed Erolcha
   754 | D        | Killed a two-headed ogre
   755 | D        | Reached skill level 23 in Stealth
   755 | D        | Reached XP level 9. HP: 46/46 MP: 12/14
   755 | D        | Killed Erolcha
   755 | D        | Reached **** piety under Dithmenos
   756 | D        | Reached skill level 24 in Stealth
   789 | D        | Noticed a wandering mushroom
   794 | D        | Noticed a wandering mushroom
   796 | D        | Noticed a wandering mushroom
   798 | D        | Killed a wandering mushroom
   799 | D        | Reached skill level 25 in Stealth
   803 | D        | Killed a wandering mushroom
   878 | D        | Noticed Harold
   878 | D        | Noticed Joseph
   900 | D        | Killed from afar by Harold

Illustrated notes

Levels and vault maps discovered:
D:        dungeon_sprint_mu [sprint_mu_entry_forest, sprint_mu_temple_rooms,
          sprint_mu_d1_spiders, sprint_mu_d2_genie, sprint_mu_d3_branching,
          sprint_mu_orc_legion, sprint_mu_elf_gauntlet, sprint_mu_hive_nellie,
          sprint_mu_lair_fedhas, sprint_mu_vaults_butterflies,
          sprint_mu_slime_circle, sprint_mu_swamp_cave, sprint_mu_snake_twists,
          sprint_mu_blade_basic, sprint_mu_crypt_fortress,
          sprint_mu_tomb_spiral, sprint_mu_vestibule_basic,
          sprint_mu_gehenna_hellfire, sprint_mu_dis_giant,
          sprint_mu_tartarus_statrot, sprint_mu_cocytus_islands, sprint_mu_zot1]

Skill      XL: |  1  2  3  4  5  6  7  8  9 |
---------------+----------------------------+-----
Stealth        | 9 11 13 17 18 20 23 25 | 25.5
Fighting       | 2 3 4 |  4.6
Short Blades   | 3 4 5 6 7 |  7.7
Throwing       | 3 4 5 6 7 8 |  8.9
Dodging        | 2 3 4 |  4.4
Evocations     | 2 3 4 |  4.4
Invocations    | 3 5 7 |  7.5

Action                   |  1- 3 |  4- 6 |  7- 9 || total
-------------------------+-------+-------+-------++-------
Melee: Dagger            |    11 |    14 |    41 ||    66
       Punch             |       |       |     1 ||     1
Throw: Dart              |     8 |     6 |     5 ||    19
Invok: Shadow Step       |       |       |     1 ||     1
Evoke: Wand              |       |     4 |     2 ||     6
  Use: Potion            |     1 |       |     3 ||     4
 Stab: Sleeping          |     2 |     5 |    15 ||    22
       Distracted        |       |       |     1 ||     1
Armor: Robe              |       |     1 |     1 ||     2
Dodge: Dodged            |     8 |     4 |    17 ||    29

Table legend: (Time is in decaauts)
 A = Elapsed time spent in this place.
 B = Non-inter-level travel time spent in this place.
 C = Inter-level travel time spent in this place.
 D = Time resting spent in this place.
 E = Time spent auto-exploring this place.
 F = Levels seen in this place.
 G = Mean time per level.
                   A        B        C        D        E       F      G
               +--------+--------+--------+--------+--------+-----+--------+
         Total |    748 |    748 |      0 |    423 |      4 |   1 |  748.0 |
       Dungeon |    748 |    748 |      0 |    423 |      4 |   1 |  748.0 |
               +--------+--------+--------+--------+--------+-----+--------+

Top non-repeatable levels by time:
       D: 748 daAuts
